 Dungeon Crawl Stone Soup version 0.28-a0-850-g09de17f5b5 (webtiles) character file.

Game seed: 12923948645124430743

14982 siradein the Spear-Bearer (level 12, -10/97 HPs)
             Began as a Merfolk Gladiator on Nov 13, 2021.
             Was a High Priest of the Shining One.
             Mangled by a blink frog (15 damage)
             ... on level 1 of the Lair of Beasts.
             The game lasted 00:23:18 (14197 turns).

siradein the Spear-Bearer (Merfolk Gladiator)      Turns: 14197, Time: 00:23:18

Health: -10/97     AC: 12    Str: 16    XL:     12   Next: 22%
Magic:  18/18      EV: 20    Int:  8    God:    the Shining One [*****.]
Gold:   600        SH:  0    Dex: 18    Spells: 11/11 levels left

rFire   . . .      SeeInvis +   M - +2 glaive (flame)
rCold   . . .      Faith    .   (shield currently unavailable)
rNeg    + + .      Spirit   .   L - +1 steam dragon scales
rPois   .          Reflect  .   c - +0 helmet
rElec   .          Harm     .   w - +2 cloak
rCorr   .          Rampage  .   (no gloves)
Will    .....                   F - +1 pair of boots
Stlth   +.........              (no amulet)
HPRegen 0.26/turn               E - +4 ring of slaying
MPRegen 0.16/turn               b - ring of see invisible

@: lethally poisoned (-10 -> -13), glowing
A: (nimble swimmer 2), mertail
a: Renounce Religion, Divine Shield, Cleansing Flame, Summon Divine Warrior


You were on level 1 of the Lair of Beasts.
You worshipped the Shining One.
The Shining One was extremely pleased with you.
You visited 3 branches of the dungeon, and saw 13 of its levels.
You also visited: Ossuary.

You collected 600 gold pieces.

Inventory:

Hand Weapons
 H - a +1 trident of protection
 M - a +2 glaive of flaming (weapon)
Missiles
 d - 8 throwing nets
 i - 247 stones
 n - 3 javelins
 o - 33 poisoned darts (quivered)
Armour
 c - a +0 helmet (worn)
 w - a +2 cloak (worn)
 F - a +1 pair of boots (worn)
 L - +1 steam dragon scales (worn)
Jewellery
 b - a ring of see invisible (right hand)
 f - a ring of resist corrosion
 y - a +6 ring of strength
 B - a +6 ring of intelligence
 E - a +4 ring of slaying (left hand)
 K - a ring of magical power
Wands
 a - a wand of paralysis (10)
 r - a wand of iceblast (25)
 G - a wand of charming (19)
Scrolls
 h - 2 scrolls of fear {unknown}
 l - 3 scrolls of enchant weapon
 m - a scroll of brand weapon
 t - a scroll of summoning {unknown}
 u - 3 scrolls of enchant armour
 x - 3 scrolls of teleportation
 z - a scroll of magic mapping {unknown}
 A - 2 scrolls of fog
Potions
 e - 4 potions of mutation
 g - 2 potions of magic {unknown}
 j - 3 potions of lignification
 k - 4 potions of ambrosia
 p - 2 potions of haste {unknown}
 q - a potion of curing {unknown}
 s - 3 potions of attraction {unknown}
 v - 2 potions of flight {unknown}
 D - a potion of brilliance {unknown}
 I - a potion of degeneration {unknown}
 J - a potion of resistance {unknown}
 N - a potion of might {unknown}


   Skills:
 + Level 10.1 Fighting
 + Level 13.3 Polearms
 + Level 9.2 Throwing
 + Level 12.3 Dodging
 + Level 8.8 Invocations


You had 11 spell levels left.
You didn't know any spells.
Your spell library contained the following spells:

 Spells                   Type           Power      Damage    Failure   Level
 Magic Dart               Conj           0%         1d3       41%         1
 Searing Ray              Conj           0%         2d4       54%         2
 Fulminant Prism          Conj/Hex       0%         3d6       99%         4


Dungeon Overview and Level Annotations

Branches:
Dungeon (11/15)            Temple (1/1) D:4            Lair (1/6) D:8
    Orc (0/2) D:11        Ossuary (visited)

Altars:
Cheibriados
Gozag
Kikubaaqudgha
Okawaru
The Shining One

Shops:
D:1 *

Annotations:
D:10 1 runed translucent door, exclusion: 4 orange crystal statues


Innate Abilities, Weirdness & Mutations

((You are quick and stealthy near water. (Stealth+, EV+, Speed+++)))
Your lower body shifts to a powerful aquatic tail in water.


Message History

You closely miss the blink frog.
The blink frog is heavily wounded.
The blink frog blinks! x2; The cane toad stings you!
You slash the cane toad! You burn the cane toad.
The cane toad is heavily wounded.
The blink frog blinks!
The cane toad closely misses you.
You slash the blink frog! You burn the blink frog.
The blink frog is almost dead.
The cane toad stings you!
You are poisoned.
The cane toad poisons you! The cane toad stings you!
You are more poisoned.
The cane toad poisons you!
You feel extremely sick.
The blink frog blinks!
You see here a +0 mace.
You feel very sick.
You feel very sick.
There is an open door here.
You feel very sick. The cane toad closely misses you.
You hit the cane toad. You burn the cane toad.
The cane toad is severely wounded.
You feel very sick.
The blink frog blinks!
The cane toad stings you!!
* * * LOW HITPOINT WARNING * * *
You slice the cane toad!! You burn the cane toad.
You kill the cane toad!
* * * LOW HITPOINT WARNING * * *
You feel sick.
You closely miss the blink frog.
* * * LOW HITPOINT WARNING * * *
You feel sick. The blink frog misses you. The blink frog barely misses you.
You feel much better.
You feel sick.
The blink frog blinks!
You barely miss the blink frog.
You feel sick. The blink frog hits you!
* * * LOW HITPOINT WARNING * * *
You slash the blink frog! You burn the blink frog.
The blink frog is moderately wounded.
You feel sick.
The blink frog blinks! x2; The blink frog hits you!
You die...

## ##. #.. #P.# #..#
###..# #.#.## ##P#+.###
###...... ## #.......#
#........ .# #.......#
#.#...... .#
#.......###ยง.......
.#######.......'@F.#
.##....'.......####.......
.'..####.......# #......
.P### #.......# ...... .##
#.......P# ..... .#
#####.#### ..... .# ###
.... ## #.## #


You could see a blink frog.

Vanquished Creatures
  Harold (D:9)
  2 two-headed ogres
  Pikel (D:7)
  A cyclops (D:11)
  Joseph (D:10)
  Maggie (D:10)
  A cane toad (Lair:1)
  7 komodo dragons
  Psyche (D:8)
  A troll (D:9)
  2 hornets
  A blink frog (Lair:1)
  A shadow (D:11)
  3 wraiths
  A vampire (D:10)
  12 yaks
  A basilisk (D:11)
  3 wyverns
  3 steam dragons
  7 vampire mosquitoes
  3 orc warriors
  2 sky beasts
  3 centaurs
  An ogre (D:5)
  3 necrophages
  2 phantoms (D:5)
  A kobold brigand (D:10)
  2 bullfrogs
  A wyvern zombie (D:6)
  2 scorpions
  A wyvern skeleton (D:7)
  11 killer bees
  14 wights
  3 howler monkeys (D:10)
  4 centaur zombies
  2 orc priests
  2 hounds
  A centaur skeleton (D:7)
  3 iguanas
  2 bullfrog skeletons
  7 orc wizards
  4 mummies
  5 gnolls
  A howler monkey skeleton (D:7)
  10 adders
  2 shadow imps
  2 white imps
  2 worms (D:2)
  5 dart slugs
  23 orcs
  6 bats
  5 endoplasms
  3 giant cockroaches
  6 goblins
  5 hobgoblins
  2 jackals (D:5)
  11 kobolds
  3 quokkas
  6 ball pythons
  4 frilled lizards
  3 goblin zombies (Ossuary)
  3 hobgoblin zombies (Ossuary)
  6 kobold zombies (Ossuary)
  6 rats
244 creatures vanquished.

Vanquished Creatures (others)
  16 fungi (D:5)
  3 plants (D:11)
19 creatures vanquished.

Grand Total: 263 creatures vanquished

Notes
Turn   | Place    | Note
-------+----------+-------------------------------------------
     0 | D:1      | siradein the Merfolk Gladiator began the quest for the Orb.
     0 | D:1      | Reached XP level 1. HP: 16/16 MP: 1/1
   107 | D:1      | Found Rekitripe's General Store.
   245 | D:1      | Reached XP level 2. HP: 23/23 MP: 2/2
   521 | D:1      | Found a faded altar of an unknown god.
   625 | D:1      | Reached XP level 3. HP: 19/28 MP: 3/3
   840 | D:2      | Reached skill level 5 in Polearms
  1249 | D:2      | Reached XP level 4. HP: 34/34 MP: 4/4
  1989 | D:3      | Reached skill level 5 in Dodging
  2029 | D:3      | Noticed a scorpion
  2041 | D:3      | Killed a scorpion
  2042 | D:3      | Reached XP level 5. HP: 33/41 MP: 5/5
  2260 | D:4      | Found a staircase to the Ecumenical Temple.
  2280 | Temple   | Entered the Ecumenical Temple
  2403 | Temple   | Became a worshipper of the Shining One
  2445 | D:4      | Reached skill level 6 in Polearms
  2445 | D:4      | Reached XP level 6. HP: 26/48 MP: 6/6
  2631 | D:4      | You fall into a shaft and drop 1 floor!
  2631 | D:5      | Entered Level 5 of the Dungeon
  2783 | D:4      | Found a sand-covered staircase.
  2834 | Ossuary  | Entered an ossuary
  2834 | Ossuary  | Noticed a wraith
  2834 | Ossuary  | Noticed a wraith
  2834 | Ossuary  | Noticed a wraith
  2985 | Ossuary  | Reached * piety under the Shining One
  3323 | Ossuary  | Noticed a wraith
  3331 | Ossuary  | Killed a wraith
  3332 | Ossuary  | Reached XP level 7. HP: 55/55 MP: 7/7
  3452 | Ossuary  | Reached ** piety under the Shining One
  3785 | D:5      | Reached skill level 7 in Polearms
  3796 | D:5      | Reached skill level 1 in Invocations
  3901 | D:5      | Noticed a vampire mosquito
  3913 | D:5      | Killed a vampire mosquito
  4131 | D:5      | Noticed a vampire mosquito
  4131 | D:5      | Noticed a vampire mosquito
  4148 | D:5      | Killed a vampire mosquito
  4149 | D:5      | Reached skill level 5 in Fighting
  4149 | D:5      | Reached XP level 8. HP: 28/62 MP: 9/9
  4331 | D:5      | Found an iron altar of Okawaru.
  4358 | D:5      | HP: 1/62 [vampire mosquito (3)]
  4366 | D:5      | Reached skill level 8 in Polearms
  4366 | D:5      | Reached skill level 5 in Throwing
  5565 | D:6      | Reached *** piety under the Shining One
  5566 | D:6      | Reached XP level 9. HP: 69/69 MP: 11/11
  5940 | D:7      | Reached skill level 9 in Polearms
  6428 | D:7      | HP: 2/71 [wyvern skeleton (8)]
  7174 | D:8      | Noticed a hornet
  7181 | D:8      | Killed a hornet
  7219 | D:8      | Reached **** piety under the Shining One
  7238 | D:7      | Reached skill level 5 in Invocations
  7563 | D:8      | Reached skill level 10 in Polearms
  7812 | D:8      | Noticed a komodo dragon
  7872 | D:8      | Killed a komodo dragon
  7873 | D:8      | Reached XP level 10. HP: 68/79 MP: 12/14
  8059 | D:8      | HP: 2/79 [komodo dragon (27)]
  8085 | D:8      | HP: 2/80 [orc (6)]
  8728 | D:8      | Found a staircase to the Lair.
  8861 | D:8      | Noticed Pikel
  8902 | D:7      | HP: 4/80 [poisoned by a killer bee]
  9375 | D:7      | Killed Pikel
  9376 | D:7      | Reached skill level 11 in Polearms
  9376 | D:7      | Reached skill level 10 in Dodging
  9455 | D:8      | Noticed Psyche
  9455 | D:8      | Paralysed by Psyche for 3 turns
  9465 | D:8      | Killed Psyche
  9737 | D:9      | Noticed Harold
 10276 | D:9      | Killed Harold
 10530 | D:9      | Reached XP level 11. HP: 87/87 MP: 16/16
 11000 | D:9      | Reached skill level 12 in Polearms
 11247 | D:10     | Entered Level 10 of the Dungeon
 11460 | D:10     | Noticed a two-headed ogre
 11476 | D:10     | Noticed Joseph
 11477 | D:10     | Killed a two-headed ogre
 11493 | D:10     | Killed Joseph
 11900 | D:10     | Found the +10 tower shield of Ignorance {rN+ Int-4}
 12036 | D:10     | Found a runed translucent door.
 12046 | D:10     | Found a runed translucent door.
 12070 | D:10     | Noticed an orange crystal statue
 12070 | D:10     | Noticed an orange crystal statue
 12070 | D:10     | Noticed an orange crystal statue
 12070 | D:10     | Noticed an orange crystal statue
 12117 | D:10     | Reached ***** piety under the Shining One
 12296 | D:10     | Noticed Maggie
 12311 | D:10     | Killed Maggie
 13058 | D:11     | Found a staircase to the Orcish Mines.
 13081 | D:11     | Noticed a cyclops
 13086 | D:11     | Killed a cyclops
 13166 | D:11     | Noticed a two-headed ogre
 13174 | D:11     | Killed a two-headed ogre
 13175 | D:11     | Reached skill level 13 in Polearms
 13175 | D:11     | Reached XP level 12. HP: 66/97 MP: 18/18
 13448 | D:11     | Reached skill level 10 in Fighting
 14121 | Lair:1   | Entered Level 1 of the Lair of Beasts
 14193 | Lair:1   | HP: 4/97 [poisoned by a cane toad]
 14197 | Lair:1   | Mangled by a blink frog

Illustrated notes

Levels and vault maps discovered:
D:1:      minmay_arrival_split_and_join, layout_rooms, serial_shops,
          nicolae_shop_window_shopping, ebering_ecumenical_altar_sacrificial
D:2:      layout_rooms, minmay_curled_crystal
D:3:      layout_basic
D:4:      layout_rooms, minmay_temple_entry_grid, gup_ossuary_entry_pyramid
D:5:      layout_loops_ring, kennysheep_mini_moat, serial_aquarium,
          aquarium_bridge_long_separate [aquarium_subvault_bridge,
          aquarium_subvault_window, aquarium_subvault_balcony,
          aquarium_subvault_bridge, aquarium_subvault_window,
          aquarium_subvault_bridge], aquarium_window_1, aquarium_window_2,
          aquarium_window_fake, aquarium_window_corner, aquarium_view_4,
          aquarium_balcony_double_1, minivault_14, minmay_misc_feat_columns,
          chequers_serial_rivers_room_b, st_stairs_12
D:6:      layout_basic, serial_glass, glass_columns_a, glass_columns_b,
          glass_columns_a, glass_columns_b, glass_columns_c, glass_columns_a,
          glass_columns_a, glass_columns_c, glass_columns_a, glass_columns_a,
          item_on_display_a, feat_on_display, item_on_display_a, feat_on_display
D:7:      layout_loops_ring
D:8:      layout_layer_cave, erik_lair_dragon, uniq_psyche, uniq_pikel
D:9:      layout_basic, uniq_harold
D:10:     layout_loops_corners, chequers_hall_statues_wall_a, roderic_lattice_a,
          chequers_guarded_unrand_ignorance, uniq_joseph, uniq_maggie
D:11:     layout_basic, orc_0_dummy, minmay_lizard_king
Temple:   mainiacjoe_temple_archimedes_tessellation
Lair:1:   layout_roguey, gauntlet_entry_generic, serial_bayou_shore_a,
          grunt_megastairs_5

Skill      XL: |  1  2  3  4  5  6  7  8  9 10 11 12 |
---------------+-------------------------------------+-----
Polearms       | 5 6 7 8 10 11 13 | 13.3
Fighting       | 3 4 5 6 7 8 9 10 | 10.1
Dodging        | 5 6 7 9 10 12 | 12.3
Throwing       | 3 4 5 6 7 9 |  9.2
Invocations    | 2 3 5 6 8 |  8.8

Action                   |  1- 3 |  4- 6 |  7- 9 | 10-12 || total
-------------------------+-------+-------+-------+-------++-------
Melee: Trident           |    99 |   206 |   315 |   341 ||   961
       Glaive            |       |       |       |   106 ||   106
Throw: Dart              |       |    10 |    10 |     6 ||    26
       Stone             |       |       |     5 |     6 ||    11
Invok: Divine Shield     |       |       |     1 |       ||     1
  Use: Scroll            |       |     4 |     2 |     4 ||    10
       Potion            |       |       |     3 |     1 ||     4
 Stab: Sleeping          |     2 |     2 |       |       ||     4
Armor: Leather armour    |    13 |    40 |    21 |       ||    74
       Steam dragon scal |       |       |    25 |   117 ||   142
Dodge: Dodged            |    51 |    90 |   212 |   360 ||   713
Block: Other             |       |       |     4 |       ||     4

Table legend: (Time is in decaauts)
 A = Elapsed time spent in this place.
 B = Non-inter-level travel time spent in this place.
 C = Inter-level travel time spent in this place.
 D = Time resting spent in this place.
 E = Time spent auto-exploring this place.
 F = Levels seen in this place.
 G = Mean time per level.
                   A        B        C        D        E       F      G
               +--------+--------+--------+--------+--------+-----+--------+
         Total |  14057 |  13645 |    412 |   1499 |   9736 |  14 | 1004.1 |
       Dungeon |  13176 |  12784 |    392 |   1499 |   9077 |  11 | 1197.8 |
        Temple |    137 |    117 |     20 |      0 |    107 |   1 |  137.0 |
          Lair |     76 |     76 |      0 |      0 |      0 |   1 |   76.0 |
       Ossuary |    665 |    665 |      0 |      0 |    551 |   1 |  665.0 |
               +--------+--------+--------+--------+--------+-----+--------+

Top non-repeatable levels by time:
     D:8: 2599 daAuts
     D:7: 1879 daAuts
    D:10: 1571 daAuts
     D:5: 1311 daAuts
    D:11: 1153 daAuts
     D:2: 1080 daAuts
     D:6: 936 daAuts
     D:1: 839 daAuts
     D:9: 767 daAuts
     D:4: 735 daAuts
 Ossuary: 665 daAuts
     D:3: 302 daAuts
  Temple: 137 daAuts
  Lair:1: 76 daAuts
